 Dungeon Crawl Stone Soup version 0.23-a0-577-g2b1de94 (webtiles) character file.

33 galech the Skirmisher (level 3, -2/29 HPs)
             Began as a Demonspawn Fighter on Dec 14, 2018.
             Slain by a gnoll (3 damage)
             ... on level 1 of the Dungeon.
             The game lasted 00:01:06 (765 turns).

galech the Skirmisher (Demonspawn Fighter)           Turns: 765, Time: 00:01:07

Health: -2/29      AC: 11    Str: 16    XL:     3   Next: 12%
Magic:  3/3        EV:  4    Int:  9    God:
Gold:   28         SH:  9    Dex: 13    Spells: 2/2 levels left

rFire    . . .     SeeInvis .   a - +0 war axe
rCold    . . .     Gourm    .   c - +0 shield
rNeg     . . .     Faith    .   e - +0 chain mail
rPois    .         Spirit   .   (no helmet)
rElec    .         Reflect  .   (no cloak)
rCorr    .         Harm     .   (no gloves)
MR       .....                  (no boots)
Stlth    ..........             (no amulet)
HPRegen  0.09/turn              (no ring)
MPRegen  0.08/turn              (no ring)

@: no status effects
A: slimy green scales 1, powered by death 1
a: no special abilities


You were on level 1 of the Dungeon.
You were not hungry.

You visited 1 branch of the dungeon, and saw 2 of its levels.

You collected 28 gold pieces.

Inventory:

Hand Weapons
 a - a +0 war axe (weapon)
Armour
 c - a +0 shield (worn)
 e - a +0 chain mail (worn)
Scrolls
 b - a scroll of enchant armour {unknown}
 i - a scroll of remove curse {unknown}
 j - 2 scrolls of identify {unknown}
Potions
 d - a potion of might
 h - a potion of heal wounds {unknown}
Comestibles
 f - 2 rations
 g - 3 chunks of flesh


   Skills:
 + Level 3.2 Fighting
 + Level 2.4 Axes
 + Level 3.0 Armour
 + Level 3.0 Shields


You had 2 spell levels left.
You didn't know any spells.
Your spell library was empty.

Dungeon Overview and Level Annotations

Branches:
Dungeon (2/15)

Altars:


Innate Abilities, Weirdness & Mutations

You are partially covered in slimy green scales. (AC +2)
You regenerate a little health from kills.


Message History

You are too injured to fight recklessly!
You are too injured to fight recklessly!
You are too injured to fight recklessly!
You barely miss the gnoll.
The gnoll is heavily wounded.
You closely miss the gnoll. You hit the gnoll.
The gnoll hits you but does no damage. You block the gnoll's attack.
The gnoll hits you with a +0 spear.
You barely miss the gnoll.
The gnoll is heavily wounded.
You closely miss the gnoll. You barely miss the gnoll. The gnoll hits you.
* * * LOW HITPOINT WARNING * * *
The gnoll hits you with a +0 club.
* * * LOW HITPOINT WARNING * * *
You block the gnoll's attack. The gnoll hits you but does no damage.
You closely miss the gnoll.
The gnoll is heavily wounded.
You hit the gnoll. x2; The gnoll hits you but does no damage.
You block the gnoll's attack. The gnoll hits you.
You die...

############ #..........#
#.########.# #.# ##.##
########.#######...####
.........#............#########
####.##.)#.#####.g.##.........#
...............g@.###########.#
####.###.#.##.###g###########.#
##....#.##.# #........##...#
########.#.##.# #.######.##(###
...........##.# #.# #.##.#
########.####.###.# #.##.#
#..........# #.##.#
######.##### #.##.# #######.#
#.##†##


You could see 3 gnolls.

Vanquished Creatures
  A gnoll (D:1)
  A giant cockroach (D:1)
  3 goblins (D:1)
  4 hobgoblins (D:1)
  5 kobolds (D:1)
  6 bats (D:1)
  A frilled lizard (D:1)
  2 rats (D:1)
23 creatures vanquished.

Notes
Turn   | Place    | Note
-------+----------+-------------------------------------------
     0 | D:1      | galech the Demonspawn Fighter began the quest for the Orb.
     0 | D:1      | Reached XP level 1. HP: 18/18 MP: 1/1
   109 | D:1      | Gained mutation: You are partially covered in slimy green
                  | scales. (AC +2) [demonic ancestry]
   109 | D:1      | Reached XP level 2. HP: 20/24 MP: 2/2
   742 | D:1      | Gained mutation: You regenerate a little health from kills.
                  | [demonic ancestry]
   742 | D:1      | Reached XP level 3. HP: 27/29 MP: 3/3
   764 | D:1      | HP: 1/29 [gnoll/+0 club (5)]
   765 | D:1      | Slain by a gnoll

Vault maps used:
D:1:      dpeg_arrival_fog
D:2:      fiery_altar_vehumet, chequers_ecumenical_altar_twisty,
          kennysheep_okawaru_gauntlet

Skill      XL: |  1  2 |
---------------+-------+-----
Axes           | 2 |  2.4
Armour         | 3 |  3.0
Shields        | 3 |  3.0
Fighting       | |  3.2

Action                   || total
-------------------------++-------
Melee: War axe           ||   101
Armor: Chain mail        ||   106
Dodge: Dodged            ||    33
Block: Shield            ||    80

Table legend:
 A = Non-vault XP
 B = Vault XP
 C = Vault XP percentage of total XP
 D = Non-vault monster count
 E = Vault monster count
 F = Vault count percentage of total count
                 A         B        C        D         E       F
            +---------+---------+-------+---------+---------+-------
      Total |      48 |       0 |   0.0 |      23 |       0 |   0.0
            +---------+---------+-------+---------+---------+-------
        D:1 |      48 |       0 |   0.0 |      23 |       0 |   0.0
            +---------+---------+-------+---------+---------+-------
